Map: Orbital Shipyard

Players

HeroMarine - Winner!

  • Race: Terran Terran
  • League: Grandmaster

RotterdaM

  • Race: Protoss Protoss
  • League: Master

Event: Homestory Cup XII

VOD

Have the link to the VOD?

Description

Time

  • Played on: Dec. 18, 2015, 1:14 p.m.
  • Length: 11:54

All games in this series

Show
View Real Time Build Order
Export as new Build Order

HeroMarine Terran - Winner!

Build Orders: MMM Bio 

Get SALT Encoding   

  12  0:00  SCV  
  13  0:12  SCV  
  14  0:18  Supply Depot  
  14  0:24  SCV  
  15  0:40  SCV  
  15  0:41  Barracks  
  16  0:44  Refinery  
  16  0:52  SCV  
  18  1:04  SCV  
  18  1:16  SCV  
  19  1:28  Barracks Reactor, Orbital Command  
  19  1:40  Command Center  
  19  1:49  Supply Depot  
  19  1:53  SCV  
  20  2:04  Marine x2  
  20  2:05  SCV  
  23  2:12  Factory  
  23  2:18  SCV  
  23  2:22  Marine  
  25  2:23  Refinery  
  25  2:24  Marine  
  26  2:30  SCV  
  27  2:40  Marine  
  27  2:42  SCV, Marine  
  30  2:52  Orbital Command  
  30  2:54  SCV  
  30  2:56  Factory Tech Lab  
  31  2:58  Starport  
  31  3:01  Marine  
  31  3:04  Marine  
  33  3:07  SCV  
  34  3:18  Cyclone  
  34  3:19  SCV  
  39  3:20  SCV  
  39  3:23  Marine  
  39  3:24  Marine  
  41  3:29  Supply Depot  
  41  3:32  SCV  
  42  3:34  SCV  
  42  3:36  Medivac  
  45  3:42  Marine  
  45  3:48  Supply Depot  
  46  3:50  SCV x2, Marine  
  49  3:58  Barracks  
  49  4:02  SCV x2  
  51  4:05  Cyclone  
  51  4:09  Marine x2  
  56  4:14  SCV x2  
  58  4:25  Command Center  
  58  4:27  Marine x2  
  60  4:32  Supply Depot  
  60  4:34  SCV x2  
  60  4:36  Liberator  
  62  4:46  Engineering Bay  
  62  4:52  Supply Depot  
  62  4:53  SCV x2  
  67  5:05  SCV x2  
  68  5:07  Marine  
  68  5:08  Marine  
  68  5:11  Stimpack  
  68  5:14  Marauder  
  72  5:22  SCV x2  
  72  5:25  Barracks  
  72  5:26  Barracks  
  72  5:27  Barracks  
  73  5:29  Terran Infantry Weapons Level 1  
  73  5:35  Marauder  
  72  5:37  SCV x2  
  73  5:43  Marine x2  
  74  5:50  SCV  
  74  5:52  Orbital Command  
  74  5:53  SCV  
  74  5:55  Refinery x2  
  74  5:56  Factory Reactor  
  74  5:57  Medivac  
  72  5:58  Marauder  
  72  6:02  SCV  
  74  6:04  Missile Turret  
  74  6:05  SCV, Marine x2  
  77  6:13  Orbital Command  
  77  6:16  Barracks Reactor, Barracks Tech Lab x2, SCV  
  77  6:18  SCV  
  79  6:23  Supply Depot, Missile Turret  
  79  6:28  Supply Depot, SCV, Marine x2  
  79  6:30  SCV  
  79  6:31  Marine  
  81  6:40  SCV  
  81  6:42  SCV, Marauder  
  81  6:43  Marine  
  81  6:46  Marine  
  81  6:47  Supply Depot, SCV  
  87  6:53  SCV  
  89  6:54  SCV  
  89  6:56  Armory  
  89  6:57  Engineering Bay  
  89  6:58  Marine  
  89  6:59  SCV  
  89  7:00  Medivac  
  91  7:02  Medivac  
  91  7:05  SCV, Missile Turret  
  91  7:06  SCV, Concussive Shells  
  91  7:07  Combat Shields  
  91  7:08  Marine  
  95  7:12  Marauder  
  95  7:13  Marine  
  95  7:15  Marauder  
  101  7:17  Supply Depot, SCV  
  101  7:18  SCV  
  101  7:19  SCV  
  101  7:20  Marauder  
  106  7:27  Supply Depot  
  106  7:30  SCV x2  
  106  7:31  Refinery x2  
  106  7:34  Terran Infantry Armor Level 1, Marauder, Supply Depot, Marine  
  111  7:37  Medivac  
  113  7:44  Marine  
  113  7:45  Marauder, Marine x3  
  113  7:49  Supply Depot x2  
  119  7:51  SCV  
  119  7:52  SCV x2  
  119  7:53  Marine  
  119  7:55  Marauder  
  119  7:57  Supply Depot  
  119  7:58  Terran Infantry Weapons Level 2  
  125  8:03  Marauder  
  125  8:04  Marine x2  
  129  8:06  Liberator, Medivac  
  129  8:09  Marauder  
  129  8:10  Supply Depot  
  133  8:19  Marauder  
  134  8:21  Marine  
  134  8:26  Marine  
  131  8:27  Barracks  
  131  8:28  Barracks, Marauder  
  131  8:29  Barracks  
  131  8:32  Marauder, Marine x2  
  137  8:35  Terran Ship Weapons Level 1  
  137  8:37  Liberator  
  137  8:39  Supply Depot  
  137  8:40  Marauder, Marine  
  140  8:48  Missile Turret  
  140  8:49  Marauder, Marine x3, Liberator  
  140  8:50  Missile Turret  
  140  8:54  Marauder  
  140  8:55  Missile Turret  
  150  8:58  Marine  
  150  9:01  Marine  
  150  9:02  Supply Depot  
  154  9:12  Command Center  
  154  9:17  Marauder  
  154  9:18  Marine  
  154  9:20  Liberator  
  151  9:24  Marauder  
  151  9:30  SCV  
  151  9:31  SCV  
  140  9:32  SCV, Liberator  
  140  9:36  Marauder, Marine  
  142  9:44  Marauder, Marine x3  
  147  9:46  SCV  
  147  9:47  SCV x2  
  147  9:49  Marine  
  147  9:51  Marine x3  
  137  9:54  Marine  
  137  9:57  Marauder  
  137  9:59  SCV x3  
  134  10:01  Marine  
  134  10:02  Marine x2  
  134  10:05  Marauder  
  134  10:07  Marine  
  134  10:09  Marine x2  
  134  10:10  Marauder  
  134  10:11  SCV x2  
  134  10:12  Marine  
  138  10:19  Marine, Marauder  
  138  10:20  Marine x2  
  137  10:25  Marine  
  137  10:27  SCV x2, Marauder, Marine x2  
  141  10:31  Marauder  
  141  10:34  Marine  
  132  10:40  Marauder  
  132  10:41  Medivac x2  
  128  10:44  Marine x2  
  128  10:47  Marine x3  
  128  10:48  Marauder  
  135  10:51  Marine  
  135  10:53  Marauder  
  138  11:02  Marine x2, Marauder  
  142  11:04  Marine  
  142  11:05  Supply Depot, Marine  
  142  11:09  Marine x2  
  142  11:10  Marauder  
  148  11:13  Marine  
  149  11:23  Marauder, Marine  
  150  11:31  Marauder  
  143  11:33  Marine x2, Marauder  
Show
View Real Time Build Order
Export as new Build Order

RotterdaM Protoss 

Build Orders: 1 Gate Expand, Blink Stalkers 

Get SALT Encoding   

  12  0:01  Probe (Chrono Boost)  
  13  0:11  Probe (Chrono Boost)  
  14  0:17  Pylon  
  14  0:22  Probe (Chrono Boost)  
  15  0:36  Gateway  
  15  0:38  Probe (Chrono Boost)  
  16  0:44  Assimilator  
  16  0:49  Probe (Chrono Boost)  
  17  0:59  Probe (Chrono Boost)  
  18  1:10  Probe (Chrono Boost)  
  19  1:20  Nexus  
  19  1:30  Cybernetics Core  
  20  1:32  Probe (Chrono Boost)  
  20  1:40  Pylon  
  20  1:44  Probe (Chrono Boost)  
  21  1:51  Assimilator  
  21  1:54  Probe (Chrono Boost)  
  22  2:05  Probe (Chrono Boost)  
  22  2:06  Stalker (Chrono Boost)  
  22  2:07  Warp Gate  
  25  2:17  Probe (Chrono Boost)  
  26  2:29  Mothership Core (Chrono Boost)  
  28  2:32  Probe (Chrono Boost)  
  29  2:43  Probe (Chrono Boost)  
  30  2:45  Twilight Council  
  30  2:47  Probe (Chrono Boost)  
  30  2:50  Stalker  
  33  2:53  Probe (Chrono Boost)  
  33  2:57  Probe (Chrono Boost)  
  35  2:59  Pylon  
  35  3:04  Probe (Chrono Boost)  
  36  3:08  Probe (Chrono Boost)  
  37  3:14  Probe (Chrono Boost)  
  37  3:17  Forge  
  38  3:22  Blink (Chrono Boost)  
  38  3:28  Probe (Chrono Boost)  
  38  3:29  Probe  
  38  3:31  Stalker (Chrono Boost)  
  42  3:36  Pylon  
  42  3:39  Probe (Chrono Boost)  
  42  3:41  Probe (Chrono Boost)  
  44  3:44  Protoss Ground Armor Level 1  
  44  3:50  Probe (Chrono Boost)  
  44  3:52  Probe (Chrono Boost), Photon Cannon  
  46  4:01  Probe (Chrono Boost)  
  47  4:03  Probe (Chrono Boost)  
  48  4:10  Gateway  
  48  4:11  Gateway  
  48  4:12  Probe  
  48  4:14  Probe  
  48  4:16  Assimilator  
  50  4:21  Pylon  
  50  4:24  Probe, Pylon  
  50  4:26  Probe  
  50  4:30  Stalker  
  54  4:36  Probe  
  55  4:39  Robotics Facility  
  55  4:42  Probe  
  56  4:51  Probe  
  57  4:54  Pylon  
  57  4:56  Stalker  
  59  5:12  Pylon  
  59  5:16  Probe  
  59  5:20  Stalker  
  59  5:21  Stalker  
  63  5:27  Immortal (Chrono Boost)  
  63  5:28  Protoss Ground Armor Level 2  
  64  5:32  Probe x2  
  64  5:40  Pylon  
  64  5:47  Stalker  
  65  5:51  Stalker  
  65  5:52  Probe  
  65  5:55  Probe  
  68  6:03  Observer (Chrono Boost)  
  69  6:08  Nexus  
  69  6:09  Pylon x2  
  69  6:11  Pylon  
  69  6:20  Probe  
  69  6:22  Observer (Chrono Boost)  
  71  6:32  Probe  
  72  6:34  Gateway  
  72  6:35  Gateway  
  72  6:37  Gateway  
  72  6:39  Gateway x2  
  72  6:41  Observer (Chrono Boost)  
  72  6:42  Zealot x3  
  72  6:44  Probe  
  80  6:49  Probe  
  81  6:56  Probe  
  82  7:04  Probe, Pylon  
  83  7:08  Pylon  
  83  7:09  Probe  
  83  7:11  Zealot x2  
  83  7:12  Zealot  
  83  7:14  Pylon  
  90  7:16  Probe, Warp Prism (Chrono Boost)  
  90  7:21  Probe  
  90  7:22  Probe  
  94  7:28  Probe  
  94  7:29  Protoss Ground Weapons Level 1  
  96  7:30  Gateway  
  96  7:32  Gateway  
  96  7:33  Probe x2, Zealot  
  96  7:34  Zealot x2  
  104  7:39  Charge (Chrono Boost)  
  104  7:40  Probe  
  104  7:43  Zealot  
  104  7:44  Zealot  
  109  7:48  Assimilator  
  109  7:49  Probe, Assimilator  
  110  7:55  Templar Archives  
  110  8:03  Zealot  
  110  8:04  Zealot x3  
  118  8:08  Pylon  
  118  8:12  Pylon  
  114  8:14  Zealot x3  
  112  8:25  Zealot x3  
  114  8:28  Zealot  
  114  8:29  Zealot x3  
  114  8:31  Probe  
  114  8:32  Probe x2  
  123  8:45  Stalker x3  
  129  8:49  High Templar x2  
  129  8:50  High Templar  
  129  8:52  Observer  
  129  8:54  Archon  
  129  8:55  Zealot x4  
  142  8:57  Probe x2  
  146  9:12  Zealot x2  
  146  9:13  Zealot  
  150  9:17  Zealot  
  150  9:18  Zealot x3  
  150  9:23  Zealot x2  
  150  9:24  Zealot  
  154  9:33  Zealot x3  
  142  9:41  Zealot x2  
  142  9:42  Zealot x2  
  146  9:50  Zealot x2  
  146  9:51  Zealot  
  124  10:09  Zealot x4  
  124  10:11  Zealot x3  
  128  10:14  Stalker x2  
  128  10:15  Stalker  
  125  10:25  Probe x2  
  101  10:32  Zealot x4  
  101  10:34  Zealot  
  99  10:41  Probe  
  90  10:45  Zealot x4  
  90  10:46  Zealot  
  90  10:47  High Templar  
  102  10:56  Assimilator  
  102  11:00  High Templar x2  
  102  11:04  Archon, High Templar  
  108  11:06  High Templar x2  
  108  11:07  High Templar x2  
  108  11:10  Archon x2  
  116  11:14  Warp Prism  
  116  11:17  Zealot x2, Archon  
  118  11:25  Zealot  
  94  11:35  Zealot  
  94  11:37  Zealot x2  
  94  11:38  Zealot x2  
  94  11:39  Zealot  
  86  11:40  Zealot x2  
  86  11:46  High Templar x2  
Tags
 
Add a new tag
Caveats
  • Supply blocks, unpowered buildings, or Contaminate may cause inaccurate times.
  • Supply counts are checked every 10 seconds.